AoeStats
← _LY_抖音肥龙

Arabia

507277877Analyzed
1v1 RM · 14d ago on Sep 17, 2026· 38m 18s· 2 players
Game mode
Random Map
Map size
Tiny (2 player)
Population
200
Speed
Normal
Resources
Standard
Victory
Conquest
Starting age
Dark Age
Ending age
Imperial Age
RankedLock teamsTeams togetherTeam positionsShared explorationLock speedFull tech treeHidden civsTurbo modeCheats
Victory
Defeat
🇦🇹 Huns · Austria
3002
+8
🇭🇰 Malay · Hong Kong SAR China
2813
-8
_LY_抖音肥龙
7:12 Loom
9:37 Feudal Age
9:17 Double-Bit Axe
9:05 Man-at-Arms
15:38 Fletching
22:46 Castle Age
20:40 Horse Collar
21:31 Padded Archer Armor
21:44 Crossbowman
22:20 Bodkin Arrow
22:38 Town Watch
23:45 Leather Archer Armor
23:52 Elite Skirmisher
24:42 Double-Bit Axe
25:35 Bow Saw
27:26 Wheelbarrow
29:02 Ballistics
34:27 Imperial Age
34:00 Bracer
36:30 Chemistry
37:39 Hand Cart
VIT Liereyy
6:35 Loom
8:52 Feudal Age
8:52 Man-at-Arms
9:48 Double-Bit Axe
14:17 Fletching
21:45 Castle Age
19:55 Horse Collar
20:47 Padded Archer Armor
21:47 Elite Skirmisher
21:48 Crossbowman
22:24 Bodkin Arrow
23:48 Leather Archer Armor
25:18 Bow Saw
31:50 Wheelbarrow
33:22 Hand Cart
33:31 Heavy Plow
39:08 Imperial Age
36:46 Scale Barding Armor
36:50 Husbandry
37:01 Bloodlines
37:42 Ballistics
37:44 Marauders
38:32 Chain Barding Armor
39:03 Forging
Connection lost

Rejoining the realm…

Still unreachable

The connection could not be restored.

Session expired

The server has moved on; the page needs a fresh start.